 Dungeon Crawl Stone Soup version 0.29.1-13-g9f3cf754e1 (console) character file.

Game seed: 10940038012862003990

42714 om the Thaumaturge (level 14, -20/96 HPs)
             Began as a Djinni Fire Elementalist on Feb 3, 2023.
             Was a Believer of Ashenzari.
             Demolished by a phantasmal warrior (31 damage)
             ... led by a death knight
             ... on level 15 of the Dungeon.
             The game lasted 01:12:20 (27243 turns).

om the Thaumaturge (Djinni Fire Elementalist)      Turns: 27243, Time: 01:12:21

Health: -20/96     AC: 16    Str: 12    XL:     14   Next: 56%
Gold:   682        EV: 23    Int: 18    God:    Ashenzari [**....] SH:  5 Dex: 20

rFire   + . .      SeeInvis +   s - +7 rapier {flame, rF- rN+ Dex+4}
rCold   x . .      Faith    .   (no shield)
rNeg    + + .      Spirit   .   E - +4 robe of Apeoromancy {rElec rN+ Str+3, Melee, Self} (curse)
rPois   ∞          Reflect  +   j - +2 helmet of the Lashed Secrets {SInv, Cun, Self} (curse)
rElec   +          Harm     .   H - +2 cloak
rCorr   .          Rampage  .   (no gloves)
Will    .....                   (boots unavailable)
Stlth   +++.......              z - amulet of reflection
HPRegen 0.26/turn               h - ring of Ashenzari's Insecurity {AC+4, Self, Cun} (curse)
MPRegen 0.00/turn               (no ring)

@: sluggish, weak-willed, flying, very slow
A: sickness immunity, fire resistance 2, cold vulnerability 1, float, innate
caster, HP casting, extra vitality 1
a: Renounce Religion, Curse Item, Shatter the Chains


You were on level 15 of the Dungeon.
You worshipped Ashenzari.
Ashenzari was pleased with you.
You visited 3 branches of the dungeon, and saw 17 of its levels.

You collected 925 gold pieces.
You spent 243 gold pieces at shops.

Inventory:

Hand Weapons
 s - the +7 rapier of Exhibitionism (weapon) {flame, rF- rN+ Dex+4}
   (You bought it in a shop on level 2 of the Dungeon)

   It burns those it strikes, dealing additional fire damage.
   Dex:       It affects your dexterity (+4).
   rF:        It makes you vulnerable to fire.
   rN:        It protects you from negative energy.
 t - the +7 dagger of Vuedd {speed, Fly rElec Int+6}
   (You found it on level 5 of the Dungeon)

   Attacks with this weapon are significantly faster.
   Int:       It affects your intelligence (+6).
   rElec:     It insulates you from electricity.
   Fly:       It grants you flight.
 x - the +5 sling of Zirih {vorpal, rPois rN+}
   (You found it on level 6 of the Dungeon)

   Any ammunition fired from it inflicts extra damage upon your enemies.
   rPois:     It protects you from poison.
   rN:        It protects you from negative energy.
Missiles
 u - 2 throwing nets
Armour
 j - the cursed +2 helmet of the Lashed Secrets (worn) {SInv, Cun, Self}
   (You found it on level 1 of the Dungeon)

   It has a curse which improves the following skills: Cunning: Dodging and
   Stealth.
   Introspection: Fighting and Spellcasting.
 m - the +1 robe of Rupab {Drain Slay+5}
   (You took it off a kobold on level 2 of the Dungeon)

   Slay:      It affects your accuracy & damage with ranged weapons and melee
   (+5).
   Drain:     It drains your maximum health when unequipped.
 E - the cursed +4 robe of Apeoromancy (worn) {rElec rN+ Str+3, Melee, Self}
   (You found it on level 10 of the Dungeon)

   Str:       It affects your strength (+3).
   rElec:     It insulates you from electricity.
   rN:        It protects you from negative energy.
   It has a curse which improves the following skills: Melee Combat: Short
   Blades, Long Blades, Axes, Maces & Flails, Polearms, Staves and Unarmed
   Combat.
   Introspection: Fighting and Spellcasting.
 H - a +2 cloak (worn)
Jewellery
 h - the cursed ring of Ashenzari's Insecurity (left hand) {AC+4, Self, Cun}
   (You found it on level 7 of the Dungeon)

   [ring of protection]

   AC:        It affects your AC (+4).
   It has a curse which improves the following skills: Introspection: Fighting
   and Spellcasting.
   Cunning:   Dodging and Stealth.
 z - an amulet of reflection (around neck)
 A - the ring "Fomizel" {Ice Str+3}
   (You took it off a kobold brigand on level 9 of the Dungeon)

   [ring of ice]

   It enhances your ice magic.
   Str:       It affects your strength (+3).
   rF:        It makes you vulnerable to fire.
   rC:        It protects you from cold.
 C - a ring of fire
 I - an amulet of the acrobat
 J - a ring of ice
 K - a +6 ring of dexterity
 L - a ring of ice
Wands
 d - a wand of digging (5)
 o - a wand of polymorph (26)
 v - a wand of paralysis (14)
 y - a wand of mindburst (13)
 D - a wand of quicksilver (12)
 F - a wand of roots (13)
 G - a wand of flame (7)
Scrolls
 a - 3 scrolls of enchant weapon
 b - 3 scrolls of enchant armour
 g - 4 scrolls of poison
 k - a scroll of summoning
 l - 2 scrolls of magic mapping
 r - a scroll of brand weapon
 w - 2 scrolls of vulnerability
Potions
 e - 6 potions of might
 f - 6 potions of curing
 i - 2 potions of resistance
 p - 7 potions of lignification
 B - a potion of haste


   Skills:
 - Level 5.0(7.4) Fighting
 * Level 8.0(9.3) Short Blades
 - Level 1.4(2.3) Axes
 - Level 13.1(15.0) Dodging
 - Level 1.5(2.9) Stealth
 + Level 14.6(17.0) Spellcasting


You had 15 spell levels left.
You knew the following spells:

 Your Spells              Type           Power      Damage    Failure   Level
a - Foxfire               Conj/Fire      100%       2x1d9     0%          1
b - Scorch                Fire           100%       2d10      0%          2
c - Conjure Flame         Conj/Fire      67%        6-21      0%          3
d - Inner Flame           Hex/Fire       67%        N/A       0%          3
e - Flame Wave            Conj/Fire      67%        2d15      1%          4
f - Summon Small Mammal   Summ           100%       N/A       0%          1
g - Ensorcelled Hibernat  Hex/Ice        100%       N/A       0%          2
h - Lesser Beckoning      Tloc           67%        N/A       0%          3
i - Swiftness             Air            67%        N/A       0%          3
j - Lee's Rapid Deconstr  Erth           33%        3d18*     1%          5
k - Lightning Bolt        Conj/Air       33%        1d51      1%          5
Your spell library was empty.

Dungeon Overview and Level Annotations

Branches:
Dungeon (15/15)            Temple (1/1) D:6            Lair (0/5) D:9
    Orc (1/2) D:12         Vaults (0/5) D:13         Depths (0/4) D:15

Altars:
Ashenzari
Cheibriados
Dithmenos
Elyvilon
Fedhas
Gozag
Hepliaklqana
Makhleb
Nemelex Xobeh
Okawaru
Qazlal
Ru
Trog
Uskayaw
Wu Jian
Xom
Yredelemnul
Zin
The Shining One

Shops:
D:1 =*   D:2 (   D:7 [   D:8 !   D:9 (   D:15 *

Annotations:
D:7 2 transporters, SirLogeyBear's ghost, novice HOBe
D:11 1 runed translucent door, 2 transporters, Jingleheimer's ghost, journeyman TeGl


Innate Abilities, Weirdness & Mutations

You are immune to sickness and miasma.
You are immune to poison.
Your flesh is very heat resistant. (rF++)
You are vulnerable to cold. (rC-)
You float through the air rather than walking.
You learn spells naturally, not from books.
Your magical power is your life essence.
You have superior vitality. (+4 MHP)


Message History

Confirm with . or Enter, or press ? or * to list all spells.
Flames lash the phantasmal warrior but do no damage.
The phantasmal warrior hits you but does no damage.
Casting: Scorch (safe; 0% risk of failure)
Confirm with . or Enter, or press ? or * to list all spells.
Flames lash the death knight.
The death knight is moderately wounded.
The death knight's fire resistance burns away.
The phantasmal warrior barely misses you.
Casting: Scorch (safe; 0% risk of failure)
Confirm with . or Enter, or press ? or * to list all spells.
Flames lash the death knight.
The death knight is burned terribly!
The death knight is heavily wounded.
You feel sluggish.
The phantasmal warrior completely misses you.
The phantasmal warrior gestures at you.
The phantasmal warrior blinks!
The death knight attacks as you move away!
The death knight hits you with a +0 battleaxe.
The phantasmal warrior is no longer more vulnerable to fire.
The phantasmal warrior hits you!
* * * LOW HITPOINT WARNING * * *
The phantasmal warrior closely misses you.
The death knight misses you.
You block the phantasmal warrior's attack.
The phantasmal warrior closely misses you.
The phantasmal warrior hits you!
* * * LOW HITPOINT WARNING * * *
The phantasmal warrior barely misses you.
Unknown command.
As you read the scroll of summoning, it crumbles to dust.
Wisps of shadow whirl around you...
The phantasmal warrior closely misses you.
The phantasmal warrior misses you.
The death knight drinks a potion.
The death knight is healed!
You swap places.
Your centaur warrior hits the phantasmal warrior.
Your centaur warrior kicks the phantasmal warrior.
The phantasmal warrior hits you!!
You die...

#####...##########.# *
..........u...uu...., ,
.............§...... ** ,
############..####.. ** ** #..#
,, ,** #..# * * * #..#
############..##################
...............C@HW.......W....#
..............cccWp########§####
##################.# #p# #.# #.#
#.# #.# #.########W####
#...§..p......# ##########.####
###


You could see a death knight (combustible, ally target), 2 phantasmal warriors,
a friendly centaur warrior (summoned), a friendly manticore (summoned), a
friendly cyclops (summoned) and 2 friendly centaurs.

Vanquished Creatures
  A stone giant (D:15)
  2 boulder beetles (D:14)
  A hydra (shapeshifter) (D:12)
  Erica (D:8)
  A hydra (D:12)
  3 centaur warriors
  2 dancing weapons (D:13)
  2 two-headed ogres
  A death knight (D:15)
  A tengu warrior (D:13)
  An orc high priest (Orc:1)
  12 skeletal warriors
  A wizard (D:11)
  Pikel (D:6)
  A phantasmal warrior (D:15)
  2 deep elf pyromancers (D:12)
  A wolf spider zombie (D:13)
  An orc sorcerer (Orc:1)
  A cyclops (D:15)
  2 manticores
  Maurice (D:10)
  4 centaur zombies (D:13)
  An unseen horror (D:10)
  4 gargoyles
  2 efreet
  A kobold demonologist (D:13)
  A komodo dragon (D:11)
  A freezing wraith (D:15)
  5 yaktaurs (D:15)
  5 trolls
  A hornet (D:9)
  A wind drake (shapeshifter) (D:13)
  9 slime creatures
  Sigmund (D:2)
  7 spriggans (D:9)
  3 shadows
  A vampire (D:13)
  9 wraiths
  18 yaks
  2 wyverns (D:9)
  2 basilisks
  2 steam dragons
  10 vampire mosquitoes
  2 wargs
  2 acid dragons
  Duvessa (D:5)
  5 water moccasins (D:9)
  2 ice beasts (D:7)
  2 black bears
  5 orc warriors
  An ogre (Orc:1)
  8 centaurs
  4 lemures (D:6)
  2 kobold brigands
  An earth elemental (D:15)
  A necrophage (D:8)
  5 bullfrogs
  A gnoll sergeant (D:10)
  3 scorpions
  8 wights
  Dowan (D:5)
  7 killer bees
  17 howler monkeys
  A gnoll bouda (D:8)
  4 hounds
  13 orc priests
  A jelly (D:4)
  2 iguanas
  13 orc wizards
  Robin (D:3)
  15 adders
  8 gnolls
  3 white imps
  3 worms
  3 dart slugs (D:1)
  32 orcs
  5 ball pythons
  3 bats
  10 endoplasms
  A giant cockroach (D:1)
  14 goblins
  8 hobgoblins
  10 jackals
  6 quokkas
  3 frilled lizards
  15 kobolds
  6 rats
387 creatures vanquished.

Vanquished Creatures (collateral kills)
  A ball python (D:3)
1 creature vanquished.

Vanquished Creatures (others)
  An orc wizard (D:5)
  A bush (D:9)
  342 foxfires
  4 fungi (D:9)
  12 plants (D:9)
  5 withered plants (D:13)
365 creatures vanquished.

Grand Total: 753 creatures vanquished

Notes
Turn   | Place    | Note
-------+----------+-------------------------------------------
     0 | D:1      | om the Djinni Fire Elementalist began the quest for the
                  | Orb.
     0 | D:1      | om set off with the following spells memorised: Foxfire,
                  | Scorch, Conjure Flame, Inner Flame, Flame Wave.
     0 | D:1      | Reached XP level 1. HP: 15/15 MP: 0/0
   238 | D:1      | Found a faded altar of an unknown god.
   360 | D:1      | Reached XP level 2. HP: 9/21 MP: 0/0
   744 | D:1      | Reached skill level 3 in Spellcasting
  1185 | D:1      | Reached XP level 3. HP: 24/26 MP: 0/0
  1185 | D:1      | Learned a level 1 spell: Summon Small Mammal
  1254 | D:1      | Found Esem Den's Jewellery Emporium.
  1282 | D:1      | Found Soaxiur's General Store.
  1306 | D:1      | Bought a potion of degeneration for 12 gold pieces
  1306 | D:1      | Bought a potion of heal wounds for 60 gold pieces
  2106 | D:2      | Found Plog's Antique Weapon Emporium.
  2184 | D:2      | Noticed Sigmund
  2190 | D:2      | Killed Sigmund
  2191 | D:2      | Reached skill level 1 in Fighting
  2191 | D:2      | Reached skill level 1 in Axes
  2191 | D:2      | Reached skill level 4 in Spellcasting
  2191 | D:2      | Reached XP level 4. HP: 16/32 MP: 0/0
  2191 | D:2      | Reached XP level 5. HP: 18/37 MP: 0/0
  2191 | D:2      | Learned a level 2 spell: Ensorcelled Hibernation
  2191 | D:2      | Reached XP level 6. HP: 21/42 MP: 0/0
  2800 | D:2      | Identified the +1 robe of Rupab {Drain Slay+5}
  3287 | D:3      | Noticed Robin
  3315 | D:3      | Killed Robin
  4250 | D:2      | Bought an ichor-stained rapier for 171 gold pieces
  4250 | D:2      | Identified the +7 rapier of Exhibitionism {flame, rF- rN+
                  | Dex+4} (You bought it in a shop on level 2 of the Dungeon)
  4426 | D:4      | Reached XP level 7. HP: 45/47 MP: 0/0
  4426 | D:4      | Learned a level 3 spell: Lesser Beckoning
  4628 | D:4      | Reached skill level 5 in Spellcasting
  4833 | D:4      | Found a shadowy altar of Dithmenos.
  5346 | D:4      | Found a sacrificial altar of Ru.
  5352 | D:4      | Found an opulent altar of Gozag.
  5541 | D:5      | Entered Level 5 of the Dungeon
  5573 | D:4      | Reached skill level 1 in Short Blades
  5573 | D:4      | Reached XP level 8. HP: 14/54 MP: 0/0
  5828 | D:5      | Identified the +7 dagger of Vuedd {speed, Fly rElec Int+6}
  6010 | D:5      | Noticed Duvessa
  6010 | D:5      | Noticed Dowan
  6339 | D:5      | Reached skill level 6 in Spellcasting
  6482 | D:5      | Identified the +1 robe of Cheibriados's Hope {Harm Str-4
                  | Int+3 Stlth+}
  6887 | D:5      | Killed Dowan
  6890 | D:5      | Killed Duvessa
  7522 | D:6      | Found a staircase to the Ecumenical Temple.
  7544 | Temple   | Entered the Ecumenical Temple
  7729 | Temple   | Became a worshipper of Ashenzari the Shackled
  7822 | D:6      | Identified the +5 sling of Zirih {vorpal, rPois rN+}
  7967 | D:6      | Noticed Pikel
  7976 | D:6      | Killed Pikel
  7977 | D:6      | Reached skill level 7 in Spellcasting
  7977 | D:6      | Reached XP level 9. HP: 15/60 MP: 0/0
  7977 | D:6      | Learned a level 3 spell: Swiftness
  8546 | D:7      | Found a blossoming altar of Fedhas.
  8934 | D:7      | Identified the +1 ring mail of Fedhas's Wrath {rF- Will+
                  | Regen+ rCorr}
  9176 | D:7      | Found a transporter.
  9177 | D:7      | Noticed SirLogeyBear's ghost (novice HOBe)
  9184 | D:7      | Reached * piety under Ashenzari
  9187 | D:7      | Found Baomocki's Antique Armour Boutique.
  9191 | D:7      | Found a transporter.
  9752 | D:8      | Reached XP level 10. HP: 62/67 MP: 0/0
  9755 | D:8      | Noticed Erica
  9828 | D:8      | Killed Erica
  9829 | D:8      | Reached skill level 8 in Spellcasting
 10237 | D:8      | Reached skill level 10 in Dodging
 10378 | D:8      | Found Yxzywy's Distillery.
 10753 | D:8      | Identified Sif Muna's Compilation of Flames (You found it
                  | on level 4 of the Dungeon)
 11280 | D:9      | Identified the ring "Fomizel" {Ice Str+3}
 11688 | D:9      | Reached skill level 9 in Spellcasting
 11689 | D:9      | Reached XP level 11. HP: 54/73 MP: 0/0
 11689 | D:9      | Learned a level 5 spell: Lee's Rapid Deconstruction
 12003 | D:9      | Found a staircase to the Lair.
 12160 | D:9      | Found Xalod's Weapon Emporium.
 12275 | D:9      | Reached skill level 10 in Spellcasting
 13255 | D:10     | Entered Level 10 of the Dungeon
 13420 | D:10     | Identified the +4 robe of Experimentation {rElec rN+ Str+3}
 13673 | D:10     | Reached skill level 11 in Spellcasting
 13928 | D:10     | Noticed Maurice
 13937 | D:10     | Killed Maurice
 14652 | D:11     | Noticed a wizard
 14981 | D:11     | Reached XP level 12. HP: 66/78 MP: 0/0
 15278 | D:11     | Noticed a boulder beetle
 15278 | D:11     | Found the ring of the Mage {Wiz Archmagi}
 15280 | D:11     | Noticed a yaktaur captain
 15281 | D:11     | Found the +8 demon blade "Leech" {vamp, Harm Drain rN+}
 15286 | D:11     | Found a runed translucent door.
 15291 | D:11     | Noticed an eight-headed hydra
 15356 | D:11     | Reached skill level 12 in Spellcasting
 15479 | D:11     | Found a transporter.
 15482 | D:11     | Identified the +8 great sword "Pacolep" {venom, Int+5
                  | Stlth-}
 15483 | D:11     | Found a transporter.
 15486 | D:11     | Noticed Jingleheimer's ghost (journeyman TeGl)
 15653 | D:12     | Identified the +10 dagger "Marchas" {venom, rPois Int-2
                  | Dex+2}
 16532 | D:11     | Noticed a deep troll
 16811 | D:12     | HP: 3/78 [large slime creature (35)]
 17265 | D:12     | Identified the +5 flail of Pylokah {flame, Stlth+}
 17272 | D:12     | Found a staircase to the Orcish Mines.
 17350 | D:12     | Noticed an eight-headed hydra
 17387 | D:12     | Killed an eight-headed hydra
 17388 | D:12     | Reached skill level 13 in Spellcasting
 17743 | D:12     | Noticed a six-headed hydra
 17753 | D:12     | Killed a six-headed hydra
 18196 | D:13     | Noticed a two-headed ogre
 18406 | D:13     | Reached XP level 13. HP: 44/83 MP: 0/0
 18406 | D:13     | Learned a level 5 spell: Lightning Bolt
 18785 | D:13     | Reached skill level 14 in Spellcasting
 19586 | D:13     | HP: 3/87 [+8 long sword (4)]
 19962 | D:13     | Reached skill level 5 in Fighting
 19966 | D:13     | Reached skill level 5 in Short Blades
 20337 | D:13     | Found a gate to the Vaults.
 20663 | D:13     | Reached ** piety under Ashenzari
 21368 | Orc:1    | Entered Level 1 of the Orcish Mines
 22336 | D:12     | Found a staircase to the Orcish Mines.
 22893 | D:14     | Noticed a boulder beetle
 22899 | D:14     | Killed a boulder beetle
 23294 | D:14     | Noticed a centaur warrior
 23307 | D:14     | Killed a centaur warrior
 23548 | D:14     | Noticed a boulder beetle
 23560 | D:14     | Killed a boulder beetle
 23561 | D:14     | Reached XP level 14. HP: 68/96 MP: 0/0
 24728 | D:15     | Entered Level 15 of the Dungeon
 25697 | D:15     | HP: 1/96 [freezing wraith (15)]
 26235 | D:15     | Found Gifuma's Pet Rocks.
 26393 | D:15     | Found a staircase to the Depths.
 26393 | D:15     | Noticed a stone giant
 26429 | D:15     | Killed a stone giant
 27243 | D:15     | Demolished by a phantasmal warrior

Illustrated notes

Levels and vault maps discovered:
D:1:      dpeg_arrival_three_smaller_balls, layout_basic,
          dreamdust_ecumenical_altar_angels_and_demons, serial_shops,
          nicolae_shop_temple_entry_statues_fountains, shop_fountains,
          minmay_hexomino_c4
D:2:      layout_loops_ring, serial_shops, nicolae_square_shop, uniq_sigmund
D:3:      layout_rooms, minmay_pentomino_pile, uniq_robin
D:4:      layout_basic, nicolae_dithmenos_shadow_blocks,
          mainiacjoe_overflow_big_doors, led_sif_book
D:5:      layout_cave_pools, corexii_hall_statues_x, uniq_duvessa
D:6:      layout_basic, minmay_temple_entry_grid, uniq_pikel
D:7:      layout_loops_ring, fedhas_altar_3, serial_shops, shop,
          gammafunk_ghost_stat_death
D:8:      layout_gridville, serial_shops, nicolae_shop_waterfront,
          serial_co_window_serial, co_window_corner_a, co_window_paths_b,
          co_window_of_opportunity_a, co_window_paths_b,
          co_window_of_opportunity_a, co_window_2corner, co_window_2corner,
          co_window_of_opportunity_c, co_window_paths_e, glass_columns_b,
          bh_walls_and_bars, uniq_erica
D:9:      kb_forest_paths, layout_rooms, minmay_lair_entry_grove,
          nicolae_take_the_stairs
D:10:     layout_loops_cross, serial_rivers, chequers_serial_rivers_room_a,
          chequers_serial_rivers_micro_d, chequers_serial_rivers_micro_a,
          chequers_serial_rivers_micro_b, chequers_serial_rivers_small_3,
          chequers_serial_rivers_large_a, feat_on_display, uniq_maurice,
          uniq_josephine
D:11:     layout_long_grid, gammafunk_ghost_hive, minmay_st_funbox
D:12:     layout_basic, erik_orc_4
D:13:     layout_loops_ring, erik_vaults_1, serial_undead, serial_undead_e,
          serial_undead_d, serial_undead_e, serial_undead_c
D:14:     layout_roguey, chequers_hall_statues_corner_a,
          serial_co_window_serial, co_window_paths_a, co_window_paths_b,
          co_window_of_opportunity_a, co_window_corner_a, co_window_paths_b,
          co_window_paths_a, co_window_paths_b, co_window_broadway_b,
          co_window_2corner, co_window_paths_c, co_window_4corner_b,
          co_window_sun, glass_columns_b
D:15:     grunt_enter_depths_giant_problem, layout_long_grid,
          serial_park_tiny_1, guppyfry_shop_earth
Temple:   bh_familiar_temple
Orc:1:    layout_caves, serial_shops, shop, portal_ice_cave_rime, basic_altar,
          okawaru_metal_pillars_1_2, uniq_urug, uniq_sonja

Skill      XL: |  1  2  3  4  5  6  7  8  9 10 11 12 13 14 |
---------------+-------------------------------------------+-----
Spellcasting   | 3 4 5 7 9 11 13 14 | 14.6
Fighting       | 1 3 5 |  5.0
Axes           | 1 |  1.4
Dodging        | 3 6 8 10 11 13 | 13.1
Short Blades   | 1 3 6 8 |  8.0
Stealth        | |  1.5

Action                   |  1- 3 |  4- 6 |  7- 9 | 10-12 | 13-15 || total
-------------------------+-------+-------+-------+-------+-------++-------
Melee: Unarmed           |     1 |       |       |       |       ||     1
       Hand axe          |    25 |    57 |       |       |       ||    82
       Rapier            |       |    12 |    37 |    72 |    36 ||   157
       Punch             |       |     1 |     1 |     1 |     1 ||     4
 Cast: Foxfire           |    42 |    49 |    54 |    40 |    21 ||   206
       Scorch            |     7 |    26 |    92 |   124 |    97 ||   346
       Ensorcelled Hiber |       |     2 |     4 |     5 |     1 ||    12
       Summon Small Mamm |       |     1 |       |       |       ||     1
       Lesser Beckoning  |       |       |     6 |    54 |       ||    60
       Inner Flame       |       |       |     2 |     2 |       ||     4
       Conjure Flame     |       |       |     8 |    55 |    29 ||    92
       Flame Wave        |       |       |     1 |     8 |     5 ||    14
       Swiftness         |       |       |     1 |     3 |     5 ||     9
       Lee's Rapid Decon |       |       |       |    46 |    91 ||   137
       Lightning Bolt    |       |       |       |       |    11 ||    11
Invok: Curse Item        |       |       |     2 |       |     1 ||     3
Evoke: Wand              |       |       |       |       |     3 ||     3
  Use: Scroll            |     4 |     2 |     2 |     1 |     7 ||    16
       Potion            |       |       |       |     1 |     6 ||     7
 Stab: Sleeping          |     2 |     2 |     1 |     1 |     1 ||     7
       Distracted        |       |     1 |       |       |       ||     1
Armor: Robe              |     7 |    34 |    23 |    65 |    41 ||   170
Dodge: Dodged            |    16 |    66 |    58 |   185 |   129 ||   454
Block: Other             |       |       |       |    48 |    29 ||    77
       Reflection        |       |       |       |     2 |     2 ||     4
